General information
			
			
        
        - name: BNet
 
        - type: Ladder team game (AT/RT)
 
        - host: Battle.net
 
        - saver: TIMG4STRok
 
        
map: TwistedMeadows 
        - players: 4
 
        - length: 12:24
 
        - speed: Fast
 - version: 1.22 W3XP
 - replay type:  

 
» download(89 KB)
Players
        team 1 (winner) 
              
              
NADMaN (
pink | 157 APM | 1947 actions | 12:23)
              
 3 Demon Hunter 
 2 Mana Burn
 1 Evasion
 2 Naga Sea Witch 
 1 Frost Arrows
 1 Forked Lightning
 
                » actions 
                
                | Assign group hotkey | 19 |  | 
| Basic commands | 95 |  | 
| Build / train | 38 |  | 
| ESC pressed | 1 |  | 
| Enter build submenu | 13 |  | 
| Enter hero's abilities submenu | 5 |  | 
| Right click | 870 |  | 
| Select / deselect | 426 |  | 
| Select group hotkey | 448 |  | 
| Use ability | 32 |  | 
                1947 total
 » units 
                » upgrades
                » buildings
                
                | Altar of Elders | 1 |  | 
| Moon Well | 5 |  | 
| Ancient of War | 2 |  | 
| Hunter's Hall | 1 |  | 
| Tree of Ages | 2 |  | 
| Ancient of Lore | 2 |  | 
                13 total
 » build order
                00:04 Altar of Elders
00:17 Moon Well
01:39 Ancient of War
01:45 Hunter's Hall
02:09 Moon Well
03:24 Tree of Ages
03:36 Ancient of War
04:06 Moon Well
07:06 Ancient of Lore
07:07 Ancient of Lore
07:17 Moon Well
09:00 Moon Well
» items
                
                | Boots of Speed | 1 |  | 
| Scroll of Town Portal | 1 |  | 
                2 total
  
               
              
              
TIMG4STRok (
red | 181 APM | 2248 actions | 12:24)
              
 3 Blademaster 
 2 Wind Walk
 1 Critical Strike
 3 Shadow Hunter 
 1 Hex
 2 Healing Wave
 
                » actions 
                
                | Assign group hotkey | 19 |  | 
| Basic commands | 62 |  | 
| Build / train | 38 |  | 
| ESC pressed | 1 |  | 
| Enter build submenu | 13 |  | 
| Enter hero's abilities submenu | 6 |  | 
| Right click | 1037 |  | 
| Select / deselect | 148 |  | 
| Select group hotkey | 867 |  | 
| Use ability | 57 |  | 
                2248 total
 » units 
                
                | Peon | 7 |  | 
| Grunt | 6 |  | 
| Raider | 4 |  | 
| Spirit Walker | 3 |  | 
                20 total
 » upgrades
                
                | Ensnare | 1 |  | 
| Spirit Walker Training | 1 |  | 
| Pillage | 1 |  | 
| Berserker Strength | 1 |  | 
| Armor | 1 |  | 
                5 total
 » buildings
                
                | Altar of Storms | 1 |  | 
| Orc Burrow | 6 |  | 
| Barracks | 1 |  | 
| Stronghold | 1 |  | 
| Voodoo Lounge | 2 |  | 
| Beastiary | 1 |  | 
| Spirit Lodge | 1 |  | 
| War Mill | 1 |  | 
| Fortress | 1 |  | 
                15 total
 » build order
                00:04 Altar of Storms
00:12 Orc Burrow
00:39 Barracks
01:26 Orc Burrow
03:12 Stronghold
03:41 Voodoo Lounge
03:49 Orc Burrow
03:51 Orc Burrow
05:04 Voodoo Lounge
06:16 Beastiary
06:19 Spirit Lodge
06:24 Orc Burrow
08:40 War Mill
10:02 Orc Burrow
11:35 Fortress
» items
                
                | Lesser Clarity Potion | 1 |  | 
| Healing Salve | 1 |  | 
| Scroll of Speed | 1 |  | 
                3 total
  
               team 2 (loser) 
              
              
i_love_Avril (
blue | 101 APM | 1239 actions | 12:18)
              
 3 Blademaster 
 2 Wind Walk
 1 Critical Strike
 2 Shadow Hunter 
 1 Hex
 1 Healing Wave
 
                » actions 
                
                | Assign group hotkey | 30 |  | 
| Basic commands | 35 |  | 
| Build / train | 56 |  | 
| ESC pressed | 5 |  | 
| Enter build submenu | 14 |  | 
| Enter hero's abilities submenu | 5 |  | 
| Give item / drop item | 1 |  | 
| Right click | 583 |  | 
| Select / deselect | 190 |  | 
| Select group hotkey | 228 |  | 
| Use ability | 92 |  | 
                1239 total
 » units 
                
                | Peon | 9 |  | 
| Grunt | 9 |  | 
| Raider | 2 |  | 
| Spirit Walker | 3 |  | 
                23 total
 » upgrades
                
                | Berserker Strength | 1 |  | 
| Ensnare | 1 |  | 
| Spirit Walker Training | 1 |  | 
                3 total
 » buildings
                
                | Altar of Storms | 1 |  | 
| Orc Burrow | 4 |  | 
| Barracks | 1 |  | 
| Voodoo Lounge | 1 |  | 
| Stronghold | 1 |  | 
| War Mill | 1 |  | 
| Spirit Lodge | 2 |  | 
| Beastiary | 2 |  | 
                13 total
 » build order
                00:04 Altar of Storms
00:12 Orc Burrow
00:34 Barracks
01:27 Orc Burrow
01:54 Voodoo Lounge
03:25 Stronghold
05:10 Orc Burrow
05:12 War Mill
07:05 Spirit Lodge
07:06 Beastiary
08:01 Spirit Lodge
08:02 Beastiary
08:58 Orc Burrow
» items
                
                | Boots of Speed | 1 |  | 
| Dust of Appearance | 2 |  | 
| Healing Salve | 8 |  | 
| Lesser Clarity Potion | 4 |  | 
| Scroll of Speed | 2 |  | 
| Potion of Healing | 3 |  | 
                20 total
  
               
              
              
Swear (
green | 171 APM | 2114 actions | 12:23)
              
 3 Death Knight 
 2 Death Coil
 1 Unholy Aura
 
                » actions 
                
                | Assign group hotkey | 50 |  | 
| Basic commands | 77 |  | 
| Build / train | 43 |  | 
| Enter build submenu | 11 |  | 
| Enter hero's abilities submenu | 3 |  | 
| Right click | 611 |  | 
| Select / deselect | 197 |  | 
| Select group hotkey | 1074 |  | 
| Use ability | 48 |  | 
                2114 total
 » units 
                
                | Acolyte | 6 |  | 
| Ghoul | 2 |  | 
| Crypt Fiend | 16 |  | 
| Banshee | 1 |  | 
                25 total
 » upgrades
                
                | Creature Attack | 1 |  | 
| Creature Carapace | 1 |  | 
| Burrow | 1 |  | 
                3 total
 » buildings
                
                | Crypt | 2 |  | 
| Graveyard | 1 |  | 
| Ziggurat | 5 |  | 
| Altar of Darkness | 1 |  | 
| Tomb of Relics | 1 |  | 
| Nerubian Tower | 1 |  | 
| Halls of the Dead | 1 |  | 
| Temple of the Damned | 1 |  | 
                13 total
 » build order
                00:06 Crypt
00:09 Graveyard
00:38 Ziggurat
00:58 Altar of Darkness
01:25 Tomb of Relics
02:02 Ziggurat
02:12 Nerubian Tower
05:37 Halls of the Dead
06:54 Crypt
07:22 Ziggurat
08:28 Temple of the Damned
09:12 Ziggurat
11:30 Ziggurat
» items
                
                | Rod of Necromancy | 1 |  | 
| Dust of Appearance | 1 |  | 
| Lesser Clarity Potion | 1 |  | 
| Scroll of Town Portal | 1 |  | 
                4 total
  
                Chat log
          
(03:18 / All) NADMaN: lol
(03:22 / All) Swear: )
(12:22 / All) Swear: gg